 Dungeon Crawl Stone Soup version 0.31.0-11-ge490571c62 (webtiles) character file.

Game seed: 12208346787804548104

94 jasper the Shield-Bearer (level 4, -2/38 HPs)
             Began as an Armataur Fighter on Feb 2, 2024.
             Slain by Terence
             ... wielding a +2 flail of holy wrath
              (7 damage)
             ... on level 3 of the Dungeon.
             The game lasted 00:02:39 (1511 turns).

jasper the Shield-Bearer (Armataur Fighter)         Turns: 1511, Time: 00:02:40

Health: -2/38      AC:  8    Str: 21    XL:     4   Next: 38%
Magic:  4/4        EV:  7    Int:  9    God:
Gold:   44         SH:  4    Dex: 11    Spells: 3/3 levels left

rFire   + .          .
                       - Unarmed
rCold   . . .        b - +0 buckler
rNeg    . . .        a - +0 scale mail
rPois   .            (no helmet)
rElec   .            (no cloak)
rCorr   .            r - +0 pair of gloves
SInv    .            (no barding)
Will    .....        (no amulet) Stlth
                     h - ring of flight
HPRegen 0.26/turn    o - ring of protection from fire
MPRegen 0.09/turn

%: roll
@: mighty, flying
A: large, deformed body, tough skin 3, armoured tail, roll 1
a: no special abilities


You were on level 3 of the Dungeon.
You visited 1 branch of the dungeon, and saw 3 of its levels.

You collected 44 gold pieces.

Inventory:

Missiles
 d - 14 stones (quivered)
Armour
 a - a +0 scale mail (worn)
 b - a +0 buckler (worn)
 r - a +0 pair of gloves (worn)
Jewellery
 h - a ring of flight (left hand)
 o - a ring of protection from fire (right hand)
Talismans
 n - a granite talisman
Scrolls
 e - 2 scrolls of identify {unknown}
 f - a scroll of poison {unknown}
 i - a scroll of butterflies {unknown}
 j - a scroll of amnesia {unknown}
 m - a scroll of blinking {unknown}
 p - a scroll of revelation {unknown}
 q - a scroll of teleportation {unknown}
Potions
 g - a potion of heal wounds {unknown}
 k - a potion of resistance {unknown}
 l - a potion of berserk rage {unknown}


   Skills:
 + Level 3.3 Fighting
 - Level 3.6 Armour
 + Level 4.0 Shields
 * Level 3.2 Unarmed Combat


You had 3 spell levels left.
You didn't know any spells.
Your spell library was empty.

Dungeon Overview and Level Annotations

Branches:
Dungeon (3/15)

Altars:
Kikubaaqudgha

Annotations:
D:3 Terence


Innate Abilities, Weirdness & Mutations

Armour fits poorly on your strangely shaped body.
You have extremely tough skin. (AC +3)
You have a long armoured tail.
You regenerate magic when rolling toward enemies. (Rampage MPRegen)


Message History

You hit the dart slug.
You kill the dart slug!
You are flying.
Your flying speed is average.
Your attack delay is about 0.9.
Your damage rating with unarmed combat is about 8 (Base [3 + 3 (UC)] x 127% (Str) x 105% (Fight)).
HP restored.
You see here a dart slug corpse.
Terence and an orc come into view.
Terence is wielding a +2 flail of holy wrath and wearing a +1 scale mail of fire resistance.
Terence shouts!
There are monsters nearby!
Found an escape hatch in the ceiling.
Terence says, "Rest in peace."
Terence attacks as he pursues you!
Terence hits you with a +2 flail of holy wrath.
You hit Terence but do no damage. You block Terence's attack.
You hit Terence but do no damage. Terence barely misses you.
You hit Terence but do no damage.
You tail-slap Terence, but do no damage.
Terence hits you with a +2 flail of holy wrath.
You hit Terence but do no damage.
Your tail-slap misses Terence.
Terence hits you with a +2 flail of holy wrath.
You hit Terence.
Terence is lightly wounded.
Terence hits you with a +2 flail of holy wrath!
You feel very mighty all of a sudden.
Terence hits you with a +2 flail of holy wrath.
You barely miss Terence.
Terence is lightly wounded.
Terence hits you with a +2 flail of holy wrath!
* * * LOW HITPOINT WARNING * * *
You hit Terence but do no damage.
You tail-slap Terence, but do no damage.
Terence is lightly wounded.
Terence hits you with a +2 flail of holy wrath!
* * * LOW HITPOINT WARNING * * *
You hit Terence.
Your tail-slap misses Terence.
Terence is moderately wounded.
Terence hits you with a +2 flail of holy wrath!
You die...
Terence says, "Rest in peace."

......# ......# #
....)# .. #....#+###
... #.......# ....
#.......+ .....
#.......#######......
+..)....+..o@@..<....
#.††.......####......
###......#..# .....
#.....###...# ....
###..## #.... ...
#...## ..#.# ##
#....# ....#
#........~P..
#........~..


You could see Terence and an orc.

Vanquished Creatures
  Natasha (D:2)
  2 adders
  2 dart slugs
  3 ribbon worms (D:2)
  4 bats
  5 endoplasms
  A giant cockroach (D:2)
  4 goblins
  4 hobgoblins
  A kobold (D:2)
  3 quokkas
  3 ball pythons (D:1)
  2 frilled lizards (D:2)
  6 rats
41 creatures vanquished.

Notes
Turn   | Place    | Note
-------+----------+-------------------------------------------
     0 | D:1      | jasper the Armataur Fighter began the quest for the Orb.
     0 | D:1      | Reached XP level 1. HP: 18/18 MP: 1/1
   406 | D:1      | Reached XP level 2. HP: 25/25 MP: 2/2
   792 | D:2      | Reached XP level 3. HP: 31/31 MP: 3/3
   906 | D:2      | Found an ancient bone altar of Kikubaaqudgha.
  1309 | D:2      | Noticed Natasha
  1321 | D:2      | Killed Natasha
  1322 | D:2      | Reached XP level 4. HP: 34/38 MP: 4/4
  1336 | D:2      | Reached skill level 4 in Shields
  1489 | D:3      | Noticed Terence
  1511 | D:3      | Slain by Terence

Illustrated notes

Levels and vault maps discovered:
D:1:      lightli_arrival_noodles, layout_basic, dk_noncrumbling_3,
          kennysheep_small_spiral, roderic_lattice_a
D:2:      layout_rooms, basic_altar, minmay_pentomino_v2, uniq_natasha
D:3:      layout_basic, nicolae_vehumet_altar_sigil, tso_oasis_becter,
          uniq_ijyb, uniq_terence

Skill      XL: |  1  2  3  4 |
---------------+-------------+-----
Unarmed Combat | 2 3 |  3.2
Fighting       | 3 |  3.3
Shields        | 4 |  4.0
Armour         | |  3.6

Action                     |  1- 3 |  4- 6 || total
---------------------------+-------+-------++-------
  Melee: Unarmed           |   146 |    47 ||   193
         Tailslap          |     7 |     6 ||    13
  Throw: Stone             |     1 |       ||     1
    Use: Potion            |       |     1 ||     1
 Armour: Scale mail        |    89 |    30 ||   119
  Dodge: Dodged            |    40 |    14 ||    54
  Block: Buckler           |    23 |     7 ||    30
